Map: Jardín de sombras

Players

MrFercho

  • Race: Zerg Zerg
  • Spawn Location: 7:00

TATORREA

  • Race: Protoss Protoss
  • Spawn Location: 11:00

tigro

  • Race: Terran Terran
  • Spawn Location: 1:00

VOD

Have the link to the VOD?

Description

Time

  • Played on: April 15, 2020, 8:26 p.m.
  • Length: 46:47
Show
View Real Time Build Order
Export as new Build Order

MrFercho Zerg 

Build Orders: Pool First 

Get SALT Encoding   

  12  0:05  Drone  
  13  0:16  Overlord  
  13  0:18  Drone  
  14  0:25  Extractor  
  14  0:27  Drone  
  14  0:42  Drone x2  
  16  0:57  Spawning Pool  
  16  1:02  Drone x2  
  17  1:21  Drone x2  
  17  1:22  Extractor  
  18  1:42  Drone  
  19  1:53  Drone  
  19  1:54  Drone  
  21  2:09  Hatchery  
  21  2:10  Metabolic Boost  
  21  2:13  Lair  
  20  2:46  Drone x2  
  22  2:52  Overlord  
  22  2:55  Hatchery  
  21  3:19  Drone x2  
  23  3:24  Queen  
  25  3:29  Zergling x2  
  26  3:43  Infestation Pit  
  25  4:07  Drone x6  
  25  4:09  Evolution Chamber  
  30  4:28  Pathogen Glands  
  30  4:37  Hive  
  30  5:01  Drone  
  30  5:02  Drone x8  
  39  5:11  Spire  
  38  5:21  Extractor  
  38  5:22  Extractor, Drone x3  
  38  5:24  Neural Parasite  
  39  5:36  Extractor  
  39  5:38  Extractor  
  37  5:45  Overlord x4  
  37  5:46  Overlord x2  
  37  6:11  Hatchery  
  36  6:21  Drone x5  
  36  6:22  Drone x4  
  45  6:40  Evolution Chamber  
  45  6:41  Evolution Chamber  
  45  6:43  Unknown  
  45  6:45  Baneling Nest  
  43  6:47  Drone x6  
  48  7:02  Hydralisk Den, Greater Spire  
  47  7:13  Zerg Melee Weapons Level 1, Zerg Ground Armor Level 1, Zerg Missile Weapons Level 1  
  47  7:33  Centrifical Hooks  
  47  7:41  Roach Warren  
  46  8:03  Pneumatized Carapace  
  46  8:04  Burrow  
  46  8:07  Lair  
  46  8:09  Drone  
  46  8:10  Drone x2  
  49  8:29  Hatchery  
  48  8:34  Hatchery  
  48  8:36  Hatchery  
  46  8:49  Hatchery  
  46  8:52  Hatchery, Drone x7  
  46  8:53  Drone  
  46  8:54  Hatchery  
  51  9:32  Infestor  
  51  9:33  Infestor x6  
  51  9:34  Infestor x2  
  69  9:50  Drone x4  
  69  9:51  Drone x4  
  77  10:29  Spine Crawler  
  77  10:33  Spine Crawler  
  75  10:36  Zerg Missile Weapons Level 2, Zerg Melee Weapons Level 2  
  75  10:37  Zerg Ground Armor Level 2  
  75  10:40  Zerg Flyer Weapons Level 1  
  75  10:43  Grooved Spines  
  75  11:02  Lurker Den  
  74  11:12  Swarm Host x3  
  98  11:34  Ultralisk Cavern  
  98  11:38  Extractor x2  
  95  11:54  Muscular Augments  
  95  12:34  Zerg Flyer Armor Level 1  
  95  12:59  Zerg Missile Weapons Level 3, Zerg Melee Weapons Level 3, Zerg Ground Armor Level 3  
  95  13:08  Glial Reconstitution  
  95  13:10  Chitinous Plating  
  95  13:14  Adaptive Talons  
  95  13:55  Overlord x3  
  95  13:56  Overlord x3  
  95  13:57  Overlord x2  
  95  14:11  Seismic Spines  
  95  14:27  Tunneling Claws  
  95  14:28  Zerg Flyer Weapons Level 2  
  95  14:29  Anabolic Synthesis  
  95  15:58  Hatchery  
  95  16:02  Extractor  
  93  16:06  Extractor  
  92  17:01  Nexus  
  84  20:34  Corruptor  
  84  20:35  Corruptor x23  
  92  20:36  Corruptor x6  
  144  20:51  Zerg Flyer Weapons Level 3  
  142  21:26  Infestor x8  
  142  21:27  Infestor x5  
  142  21:28  Infestor  
  110  22:54  Corruptor  
  110  22:55  Corruptor x9  
  130  23:04  Overseer  
  130  23:11  Spore Crawler  
  129  23:13  Spore Crawler  
  129  23:15  Spore Crawler  
  116  23:27  Zerg Flyer Armor Level 2  
  114  24:04  Infestor x3  
  114  24:05  Infestor  
  113  24:46  Hatchery  
  113  24:50  Hatchery  
  113  24:52  Hatchery  
  110  24:57  Hatchery x2  
  108  25:04  Hatchery  
  108  25:05  Overlord x3  
  107  25:27  Overlord  
  107  25:34  Overlord  
  107  25:35  Overlord x2  
  97  26:05  Hatchery  
  97  26:06  Overlord x2  
  96  26:35  Brood Lord x3  
  102  27:12  Hatchery x2  
  102  27:15  Hatchery  
  6  29:01  Corruptor  
  6  29:02  Corruptor  
  8  29:03  Corruptor x10  
  29  31:12  Nexus  
  29  31:26  Pylon  
  29  32:04  Infestor, Drone x2  
  29  32:05  Drone x3  
  29  32:07  Overlord x4  
  32  33:19  Spawning Pool  
  30  34:40  Lair  
  30  35:00  Drone x8  
  30  35:01  Drone  
  39  35:24  Hatchery  
  38  36:04  Extractor  
  38  36:10  Extractor  
  36  36:40  Nexus  
  34  37:15  Drone  
  35  37:16  Drone x2  
  37  37:25  Drone  
  37  37:27  Drone x2  
  37  38:48  Spawning Pool  
  36  39:36  Lair  
  36  39:39  Drone x2  
  36  39:42  Overlord  
  38  40:37  Spire  
  38  40:42  Infestation Pit  
  36  40:50  Overlord  
  36  40:51  Overlord x2  
  36  41:26  Hive  
  36  42:11  Drone x3  
  39  42:38  Greater Spire  
  39  42:48  Corruptor  
  39  42:49  Corruptor x2  
  45  43:52  Brood Lord  
  45  43:53  Brood Lord x6  
  59  44:20  Brood Lord  
Show
View Real Time Build Order
Export as new Build Order

TATORREA Protoss 

Build Orders: Carriers 

Get SALT Encoding   

  12  0:26  Probe (Chrono Boost)  
  14  0:37  Assimilator, Probe (Chrono Boost)  
  14  0:40  Assimilator  
  14  0:42  Probe (Chrono Boost)  
  14  0:48  Pylon  
  15  0:54  Pylon  
  15  1:07  Probe (Chrono Boost)  
  16  1:15  Pylon, Probe (Chrono Boost)  
  17  1:21  Probe  
  17  1:25  Forge  
  18  1:33  Probe  
  18  1:34  Gateway  
  19  1:51  Pylon  
  19  1:58  Pylon  
  19  2:06  Pylon  
  19  2:14  Pylon  
  19  2:23  Photon Cannon  
  19  2:26  Photon Cannon  
  19  2:32  Photon Cannon  
  19  2:34  Photon Cannon  
  19  2:53  Probe (Chrono Boost)  
  20  2:59  Probe (Chrono Boost)  
  20  3:00  Zealot  
  23  3:07  Probe  
  24  3:27  Zealot  
  26  3:54  Probe (Chrono Boost), Zealot  
  29  4:05  Probe (Chrono Boost)  
  30  4:17  Nexus  
  30  4:18  Protoss Ground Weapons Level 1  
  30  4:21  Zealot  
  32  4:26  Assimilator  
  32  4:29  Assimilator  
  32  4:34  Probe (Chrono Boost)  
  34  4:46  Probe (Chrono Boost)  
  34  4:48  Zealot  
  34  4:51  Probe (Chrono Boost)  
  37  4:58  Cybernetics Core  
  37  5:01  Probe  
  38  5:09  Photon Cannon  
  38  5:13  Photon Cannon, Probe  
  39  5:15  Zealot  
  41  5:22  Photon Cannon  
  41  5:26  Photon Cannon  
  41  5:31  Pylon  
  41  5:39  Pylon  
  41  5:42  Zealot  
  43  5:46  Photon Cannon  
  43  5:53  Photon Cannon  
  43  5:58  Photon Cannon  
  43  6:06  Probe (Chrono Boost)  
  44  6:15  Probe (Chrono Boost)  
  44  6:16  Probe (Chrono Boost)  
  46  6:20  Probe (Chrono Boost)  
  46  6:21  Probe (Chrono Boost)  
  48  6:27  Protoss Ground Armor Level 1  
  48  6:28  Probe  
  49  6:35  Stargate  
  49  6:37  Stargate  
  49  6:41  Stargate  
  49  6:44  Stargate  
  49  6:50  Robotics Facility  
  49  6:59  Pylon  
  49  7:03  Pylon  
  49  7:08  Pylon  
  49  7:12  Pylon  
  49  7:17  Pylon  
  49  7:22  Pylon  
  49  7:36  Probe (Chrono Boost)  
  50  7:37  Fleet Beacon  
  50  7:47  Probe (Chrono Boost)  
  51  7:52  Probe (Chrono Boost)  
  52  8:01  Protoss Air Weapons Level 1  
  52  8:09  Shield Battery  
  52  8:15  Shield Battery  
  52  8:22  Robotics Bay  
  52  9:09  Carrier  
  64  9:10  Carrier x2  
  64  9:12  Tempest  
  74  9:34  Protoss Shields Level 1  
  74  9:42  Anion Pulse-Crystals  
  74  9:48  Immortal  
  78  10:10  Protoss Air Armor Level 1  
  78  10:46  Unknown  
  78  11:03  Nexus  
  78  11:10  Assimilator  
  78  11:14  Assimilator  
  78  11:19  Pylon  
  78  11:23  Pylon  
  78  11:26  Pylon  
  78  11:29  Pylon  
  78  11:45  Photon Cannon  
  78  11:48  Photon Cannon  
  78  11:52  Photon Cannon  
  78  11:53  Photon Cannon  
  77  12:23  Nexus  
  77  12:25  Carrier x2  
  89  12:44  Assimilator  
  89  12:49  Assimilator  
  89  12:56  Tempest  
  94  13:19  Protoss Air Weapons Level 2  
  94  13:52  Probe (Chrono Boost)  
  95  14:01  Probe (Chrono Boost)  
  97  14:10  Probe (Chrono Boost)  
  97  14:22  Carrier  
  97  14:23  Tempest  
  99  15:10  Probe (Chrono Boost)  
  100  15:15  Nexus  
  100  15:18  Probe (Chrono Boost)  
  101  15:25  Probe (Chrono Boost)  
  102  15:47  Gravitic Boosters  
  102  15:53  Protoss Air Armor Level 2  
  102  15:58  Assimilator  
  102  16:03  Assimilator  
  102  16:27  Carrier x4  
  126  16:38  Probe (Chrono Boost)  
  127  16:44  Gravitic Drive  
  127  16:49  Probe (Chrono Boost)  
  127  16:50  Probe (Chrono Boost)  
  129  16:58  Probe (Chrono Boost)  
  129  16:59  Probe (Chrono Boost)  
  132  17:02  Probe (Chrono Boost)  
  132  17:07  Probe (Chrono Boost)  
  135  17:10  Probe x2 (Chrono Boost)  
  135  17:16  Probe (Chrono Boost)  
  135  17:18  Probe (Chrono Boost)  
  137  17:31  Tempest  
  141  17:41  Extended Thermal Lance  
  141  17:52  Oracle  
  144  18:25  Carrier x3  
  162  18:29  Carrier  
  162  18:30  Protoss Air Weapons Level 3  
  165  19:29  Carrier x2  
  175  20:00  Carrier  
  175  20:43  Pylon  
  175  20:45  Pylon  
  175  20:49  Pylon  
  175  20:57  Pylon  
  175  21:01  Carrier x2  
  175  21:02  Pylon  
  175  21:03  Carrier  
  193  21:05  Pylon  
  193  21:14  Pylon  
  193  21:18  Pylon  
  193  21:32  Pylon  
  193  21:36  Pylon  
  193  21:41  Protoss Air Armor Level 3  
  166  22:38  Carrier x4  
  190  23:42  Carrier  
  178  27:37  Carrier  
  178  27:38  Carrier x3  
  123  30:55  Assimilator  
  123  31:07  Photon Cannon  
  123  31:20  Oracle  
  126  31:46  Pylon  
  126  31:51  Pylon  
  126  31:54  Pylon  
  126  31:57  Oracle  
  126  31:58  Pylon  
  129  32:02  Pylon  
  129  32:06  Pylon  
  129  32:32  Photon Cannon  
  129  32:38  Photon Cannon  
  129  32:49  Photon Cannon  
  129  32:55  Photon Cannon  
  129  33:00  Photon Cannon  
  129  33:05  Photon Cannon  
  129  33:08  Photon Cannon  
  129  33:17  Photon Cannon  
  129  33:19  Pylon  
  129  33:24  Pylon  
  129  33:28  Photon Cannon  
  129  33:31  Carrier x2  
  129  33:32  Carrier x2  
  129  33:33  Photon Cannon  
  153  33:43  Photon Cannon  
  153  33:53  Photon Cannon  
  153  33:56  Photon Cannon  
  153  34:05  Photon Cannon  
  153  34:11  Photon Cannon  
  153  34:13  Photon Cannon  
  153  34:14  Photon Cannon  
  153  34:36  Carrier x4  
  177  34:41  Nexus  
  177  34:56  Assimilator  
  177  35:02  Assimilator  
  177  35:40  Tempest, Carrier x3  
  177  35:41  Nexus  
  200  35:46  Assimilator  
  200  35:49  Assimilator  
  177  41:04  Carrier  
  177  41:05  Carrier x2  
  195  42:47  Tempest  
  200  45:47  Pylon  
  200  46:20  Stargate  
  200  46:23  Stargate  
  200  46:27  Pylon  
  200  46:35  Stargate  
Show
View Real Time Build Order
Export as new Build Order

tigro Terran 

Build Orders:  

Get SALT Encoding   

  12  0:05  SCV  
  13  0:18  Supply Depot  
  13  0:19  SCV  
  14  0:31  SCV  
  15  0:44  SCV  
  16  0:54  Barracks  
  16  1:01  Refinery  
  16  1:06  Refinery  
  16  1:07  SCV  
  17  1:20  SCV  
  19  1:32  SCV  
  19  1:41  Marine  
  20  1:54  Barracks  
  20  1:58  SCV  
  20  1:59  Marine  
  22  2:03  Supply Depot  
  22  2:10  SCV  
  23  2:24  Marine  
  24  2:35  Engineering Bay  
  24  2:41  Orbital Command  
  24  2:42  Marine  
  24  2:44  Barracks Tech Lab  
  25  2:56  Factory  
  25  3:00  Marine  
  26  3:32  Command Center  
  26  3:40  Barracks Tech Lab  
  26  3:43  Marauder  
  28  3:51  SCV  
  28  3:54  Factory Tech Lab  
  29  4:04  Marauder  
  31  4:13  Missile Turret  
  31  4:17  Marine  
  32  4:25  Marauder  
  34  4:35  Marine  
  35  4:47  Marauder  
  35  4:48  Missile Turret  
  35  4:51  Planetary Fortress  
  37  4:53  Marine  
  38  5:06  SCV  
  39  5:18  SCV  
  40  5:22  Starport  
  40  5:27  Stimpack  
  40  5:29  Combat Shield  
  40  5:40  SCV  
  41  5:48  Refinery  
  41  5:52  SCV  
  42  6:05  SCV  
  42  6:06  Missile Turret  
  43  6:17  SCV  
  44  6:29  SCV  
  45  6:35  Medivac  
  47  6:40  Supply Depot  
  47  6:41  Siege Tank  
  50  6:47  Concussive Shells  
  50  7:13  Terran Infantry Weapons Level 1  
  50  7:20  SCV  
  51  7:26  Missile Turret  
  51  7:37  Starport Tech Lab  
  51  7:38  Armory  
  51  7:39  Mag-Field Accelerator  
  51  8:06  Marine  
  51  8:08  Missile Turret  
  52  8:24  Marine  
  53  8:27  Fusion Core  
  53  8:42  Marine  
  54  8:52  Missile Turret  
  54  8:54  Command Center  
  54  9:00  Marine  
  55  9:04  Terran Vehicle Weapons Level 1  
  55  9:07  Terran Infantry Armor Level 1  
  55  9:08  Thor  
  61  9:18  Marine  
  61  9:19  Infernal Pre-Igniter  
  62  9:44  SCV  
  63  9:56  SCV  
  64  10:03  Refinery  
  64  10:08  SCV  
  64  10:11  Planetary Fortress  
  65  10:20  SCV  
  66  10:22  Missile Turret  
  66  10:25  Command Center  
  66  10:26  Battlecruiser  
  72  10:33  SCV  
  73  10:48  Siege Tank  
  76  10:58  Terran Vehicle And Ship Armor Level 1  
  76  11:01  Neosteel Armor  
  76  11:07  Missile Turret  
  76  11:29  Command Center  
  76  12:03  Battlecruiser  
  82  12:19  Supply Depot  
  82  12:41  Hi-Sec Auto Tracking  
  82  12:52  Terran Ship Weapons Level 1  
  82  13:26  Battlecruiser  
  88  13:35  Supply Depot  
  88  13:38  Terran Infantry Weapons Level 2  
  88  13:46  Siege Tank  
  88  13:48  Planetary Fortress  
  91  13:52  Planetary Fortress  
  91  14:00  Refinery  
  91  14:02  Starport  
  91  14:30  Battlecruiser  
  97  14:45  Corvid Reactor, Starport Tech Lab  
  97  14:53  Terran Vehicle Weapons Level 2  
  97  15:34  SCV  
  98  15:36  Missile Turret  
  98  15:46  SCV  
  99  15:53  Terran Infantry Armor Level 2  
  99  15:58  SCV  
  99  16:02  Refinery  
  100  16:04  Cloaking Field  
  100  16:10  SCV  
  99  16:14  Refinery  
  98  16:22  SCV  
  98  16:24  Raven  
  101  16:27  Raven  
  103  17:08  Battlecruiser  
  109  17:09  Terran Vehicle And Ship Armor Level 2  
  109  17:10  Battlecruiser  
  115  17:18  Missile Turret  
  115  17:23  Hyperflight Rotors  
  115  17:31  Missile Turret  
  115  18:08  Factory  
  115  18:12  Battlecruiser  
  121  18:14  Battlecruiser  
  121  18:19  Missile Turret  
  127  18:28  Siege Tank  
  130  18:59  Factory Tech Lab  
  130  19:00  Siege Tank  
  133  19:19  Command Center  
  133  19:24  Terran Ship Weapons Level 2  
  133  19:31  Weapon Refit  
  133  19:33  Siege Tank  
  133  19:35  Missile Turret  
  136  20:05  Siege Tank  
  139  20:37  Siege Tank  
  142  20:53  Planetary Fortress  
  142  21:11  Rapid Reignition System  
  138  21:36  Battlecruiser  
  138  21:38  Battlecruiser  
  150  21:40  Terran Vehicle Weapons Level 3  
  150  22:07  Advanced Ballistics  
  150  22:17  Command Center  
  150  22:40  Battlecruiser  
  150  22:41  Missile Turret  
  150  22:42  Battlecruiser  
  162  22:48  Missile Turret  
  162  23:16  Missile Turret  
  162  23:20  Refinery  
  162  23:27  Refinery  
  162  23:43  Missile Turret  
  162  23:44  Battlecruiser  
  162  23:46  Battlecruiser  
  174  23:54  Terran Infantry Weapons Level 3  
  174  24:08  Planetary Fortress  
  174  24:17  Terran Ship Weapons Level 3  
  174  24:25  Command Center  
  174  24:48  Battlecruiser  
  180  25:10  Missile Turret  
  180  26:01  Planetary Fortress  
  180  26:20  SCV  
  182  26:32  SCV  
  182  26:45  SCV  
  183  26:54  Terran Vehicle And Ship Armor Level 3  
  183  26:57  SCV  
  184  27:26  Battlecruiser  
  184  27:28  Battlecruiser  
  196  28:06  Command Center  
  74  30:58  Planetary Fortress  
  74  31:05  Battlecruiser  
  74  31:07  Battlecruiser  
  86  31:13  Thor  
  86  31:15  Thor  
  98  31:45  Refinery  
  98  31:55  Thor  
  104  32:06  Missile Turret  
  104  32:08  Refinery  
  104  32:09  Battlecruiser  
  104  32:12  Battlecruiser  
  116  32:32  Missile Turret  
  116  32:38  Thor  
  122  32:45  Missile Turret  
  122  32:46  Missile Turret  
  122  33:13  Battlecruiser  
  122  33:15  Missile Turret  
  122  33:16  Battlecruiser  
  134  33:32  Missile Turret  
  134  33:53  Missile Turret  
  134  34:06  Missile Turret  
  134  34:18  Battlecruiser  
  134  34:20  Battlecruiser  
  146  34:35  Missile Turret  
  146  35:02  Missile Turret  
  146  35:22  Battlecruiser  
  146  35:24  Battlecruiser  
  158  36:06  Missile Turret  
  158  36:11  Engineering Bay  
  158  36:26  Raven  
  158  36:29  Battlecruiser  
  166  36:47  Armory  
  166  37:08  Raven  
  168  37:23  Missile Turret  
  168  37:33  Battlecruiser  
  168  37:36  Fusion Core  
  174  37:46  Missile Turret  
  174  37:52  Battlecruiser  
  180  38:19  Refinery  
  180  38:30  Missile Turret  
  180  38:35  Refinery  
  180  38:37  Raven  
  182  38:45  Refinery  
  182  38:56  Battlecruiser, Missile Turret  
  182  38:59  Missile Turret  
  188  39:12  Missile Turret  
  188  39:20  Battlecruiser  
  194  39:27  Missile Turret  
  194  39:30  Missile Turret  
  194  39:42  Missile Turret  
  193  40:00  Battlecruiser  
  127  40:24  Battlecruiser  
  84  41:04  Battlecruiser  
  73  41:30  Missile Turret  
  48  42:41  Starport  
  48  42:49  Starport  
  41  42:55  Engineering Bay  
  39  43:01  Engineering Bay  
  39  43:26  Supply Depot  
  39  43:33  Starport Tech Lab  
  39  43:35  Missile Turret  
  39  43:37  Starport Tech Lab  
  39  43:43  Missile Turret  
  33  43:58  Missile Turret  
  28  44:17  Missile Turret  
  28  44:23  Missile Turret  
  4  45:21  Command Center  
  4  45:56  SCV  
  5  46:08  SCV  
  6  46:20  SCV  
  8  46:32  SCV  
  8  46:39  Supply Depot  
Tags
 
Add a new tag
Caveats
  • Supply blocks, unpowered buildings, or Contaminate may cause inaccurate times.
  • Supply counts are checked every 10 seconds.